[Event "Deloitte NK 2021"]
[Site "Hoogeveen, Netherlands"]
[Date "2021.10.15"]
[Round "1.1"]
[White "Lai, Hing Ting"]
[Black "Hilwerda, Jonas"]
[Result "1-0"]
[TimeControl "90min/40moves + 30min + 30sec/move"]
[WhiteElo "2439"]
[BlackElo "2240"]

1. d4 Nf6 2. c4 g6 3. Nf3 Bg7 4. g3 O-O 5. Bg2 d6 6. Nc3 Nc6 7. O-O e5 8. d5 Nb8 9. Ne1 a5 10.
e4 Na6 11. Rb1 Nc5 12. b3 Nfd7 13. a3 f5 14. exf5 gxf5 15. b4 Na6 16. Ne2 Nf6 17. f4 e4 18. Nc2 axb4 19. axb4 c5 20.
dxc6 bxc6 21. h3 Be6 22. Ncd4 Bd7 23. b5 cxb5 24. Nxb5 d5 25. Ba3 dxc4 26. Qc1 Bxb5 27. Rxb5 Qd3 28.
Bxf8 Rxf8 29. Re1 Nd5 30. Rd1 Qxe2 31. Rbxd5 c3 32. Rd7 Nc5 33. Rxg7+ Kxg7 34. Qxc3+ Kg8 35. Ra1 Nd3 36. Qc4+ Rf7 37.
Ra8+ Kg7 38. Qd4+ Rf6 39. Ra7+ Kg6 40.
Qd7 h6 41. Qg7+ Kh5 42. Qxf6 1-0

[Event "Deloitte NK 2021"]
[Site "Hoogeveen, Netherlands"]
[Date "2021.10.15"]
[Round "1.2"]
[White "Hoogendoorn, Joost"]
[Black "Zwirs, Nico"]
[Result "0-1"]
[TimeControl "90min/40moves + 30min + 30sec/move"]
[WhiteElo "2482"]
[BlackElo "2439"]

1. e4 c5 2. Nf3 d6 3. Nc3 Nf6 4. g3 g6 5. Bg2 Bg7 6. d4 cxd4 7. Nxd4 O-O 8. h3 Nc6 9. Nde2 Rb8 10.
O-O b5 11. a3 a5 12. Be3 b4 13. axb4 axb4 14. Nd5 Nd7 15. Nd4 Bxd4 16. Bxd4 e6 17. Nxb4 Nxb4 18. Bc3 Qb6 19. Ra4 Na6 20.
Rd4 Qc7 21. Rxd6 Nac5 22. Qd2 Nb7 23. Qh6 e5 24. Rd5 Nbc5 25. f4 Na4 26. Ba5 Qxc2 27. f5 Rxb2 28. Bd2 Nab6 29. Rc1 Rb1 30.
Rb5 Rxc1+ 31. Bxc1 Qc6 32. Rb3 Bb7 33. Bg5 gxf5 34. Qh4 fxe4 35. Bh6 Re8 36. Rb4 Qg6 37. Bxe4 Bxe4 38. Rxe4 f5 39.
Re1 e4 40. Kh1 Nd5 41. g4 f4 42. Ra1 0-1

[Event "Deloitte NK 2021"]
[Site "Hoogeveen, Netherlands"]
[Date "2021.10.15"]
[Round "1.3"]
[White "Ten Hertog, Hugo"]
[Black "Timmermans, Mark"]
[Result "1-0"]
[TimeControl "90min/40moves + 30min + 30sec/move"]
[WhiteElo "2519"]
[BlackElo "2385"]

1. e4 e5 2. Nf3 Nc6 3. Bb5 a6 4. Ba4 Nge7 5. O-O Ng6 6. d4 exd4 7. Nxd4 Nxd4 8. Qxd4 b5 9. Bb3 Bb7 10.
Qc3 f6 11. f4 Qe7 12. Qg3 O-O-O 13. Re1 f5 14. Nc3 Qh4 15. exf5 Qxg3 16. hxg3 Ne7 17. Be3 Nxf5 18. Bf2 Bb4 19.
a4 Bxc3 20. bxc3 d5 21. axb5 axb5 22. Re5 g6 23. Rae1 h5 24. Re6 Rhg8 25. R1e5 Rd6 26. Rxd6 cxd6 27. Bxd5 Bxd5 28. Rxd5 Kd7 29.
Rxb5 Rc8 30. Rb3 Ke6 31. Kf1 Ra8 32. c4 Rc8 33. Rc3 Kf7 34. Ke2 d5 35. c5 d4 36. Rc4 Ke6 37. Kd3 Kd5 38.
Bxd4 Nxg3 39. Ra4 Rd8 40. Ra6 Nf5 41. c4# 1-0

[Event "Deloitte NK 2021"]
[Site "Hoogeveen, Netherlands"]
[Date "2021.10.15"]
[Round "1.4"]
[White "Van der Lende, Ilias"]
[Black "Burg, Twan"]
[Result "1-0"]
[TimeControl "90min/40moves + 30min + 30sec/move"]
[WhiteElo "2388"]
[BlackElo "2514"]

1. e4 e5 2. Nf3 Nc6 3. Bc4 Nf6 4. d3 Bc5 5. O-O O-O 6. c3 a5 7. d4 Ba7 8. dxe5 Nxe4 9. Bd5 Nc5 10.
Bg5 Qe8 11. Re1 Ne7 12. Na3 h6 13. Nb5 Nxd5 14. Nxa7 Nxc3 15. bxc3 Rxa7 16. Qd4 b6 17. Qh4 Qe6 18. Bf6 d5 19.
h3 Qf5 20. Nd4 Qh7 21. Nc6 Rb7 22. Be7 Re8 23. Bxc5 bxc5 24. Nxa5 Rb2 25. Nb3 c4 26. Nc5 Rb5 27. Qd4 Qg6 28.
e6 fxe6 29. a4 Ra5 30. Re5 Rf8 31. f4 Rf6 32. Rf1 Qf7 33. f5 c6 34. Ne4 c5 35. Qd1 Rxf5 36. Rfxf5 exf5 37. Nd6 Qd7 38.
Qxd5+ Kh7 39. Re8 Ra6 40. Qg8+ Kg6 41. Nxc8 Qd1+ 42. Kh2 Qf1 43. Re6+ Kh5 44. Qf7+ g6 45. Qxg6+ Kh4 46. g3# 1-0

[Event "Deloitte NK 2021"]
[Site "Hoogeveen, Netherlands"]
[Date "2021.10.15"]
[Round "1.5"]
[White "Swinkels, Robin"]
[Black "Maatman, Nick"]
[Result "1/2-1/2"]
[TimeControl "90min/40moves + 30min + 30sec/move"]
[WhiteElo "2509"]
[BlackElo "2368"]

1. d4 e6 2. c4 d5 3. Nf3 Nf6 4. g3 Bb4+ 5. Bd2 Be7 6. Bg2 O-O 7. O-O c6 8. Qc2 Nbd7 9. Rc1 b6 10.
a4 Ne4 11. Be1 a5 12. Nbd2 Nxd2 13. Bxd2 Ba6 14. b3 Rc8 15. e4 c5 16. exd5 exd5 17. cxd5 cxd4 18. Qd1 Bf6 19. Rxc8 Bxc8 20.
b4 Bb7 21. Qb3 Qa8 22. Ne1 axb4 23. Bxb4 Nc5 24. Bxc5 bxc5 25. Nd3 Rc8 26. Rc1 c4 27. Rxc4 Rxc4 28. Qxc4 Ba6 29. Qc2 Bxd3 30.
Qxd3 Qxa4 31. Be4 g6 32. Kg2 Kg7 33. h4 h5 34. Qf3 Qa6 35. Bd3 Qd6 36. Qe4 Qe5 37. Kf3 Qd6 38. Kg2 Qe5 39.
Qxe5 Bxe5 40. Kf3 f5 1/2-1/2

[Event "Deloitte NK 2021"]
[Site "Hoogeveen, Netherlands"]
[Date "2021.10.15"]
[Round "1.6"]
[White "Beerdsen, Thomas"]
[Black "Brandenburg, Daan"]
[Result "1-0"]
[TimeControl "90min/40moves + 30min + 30sec/move"]
[WhiteElo "2454"]
[BlackElo "2482"]

1. e4 d6 2. d4 Nf6 3. Nc3 Nbd7 4. Nf3 e5 5. Bc4 Be7 6. O-O O-O 7. a4 a6 8. a5 b5 9. axb6 cxb6 10.
Qe2 Bb7 11. Rxa6 Bxa6 12. Bxa6 Qc7 13. d5 b5 14. Bxb5 Ra1 15. Nd2 Nc5 16. Qc4 Nfd7 17. Bc6 Nb6 18. Qe2 Bg5 19. b4 Na6 20.
Nb3 Rxc1 21. Nxc1 Nxb4 22. Nb5 Qb8 23. Nb3 Nxc6 24. dxc6 Qa8 25. c7 Be7 26. Rd1 Rc8 27. Ra1 Qb7 28.
Ra7 Qc6 29. Na5 Qc5 30. Rb7 g6 31. g3 Kg7 32. c4 Kf6 33. Qe3 Qxe3 34. fxe3 Na8 35. Nc6 1-0

[Event "Deloitte NK 2021"]
[Site "Hoogeveen, Netherlands"]
[Date "2021.10.15"]
[Round "1.7"]
[White "Vrolijk, Liam"]
[Black "Nijboer, Friso"]
[Result "1-0"]
[TimeControl "90min/40moves + 30min + 30sec/move"]
[WhiteElo "2480"]
[BlackElo "2468"]

1. d4 Nf6 2. c4 g6 3. Nc3 Bg7 4. e4 d6 5. Nf3 O-O 6. h3 e5 7. d5 a5 8. g4 Na6 9. Be3 Nc5 10.
Nd2 c6 11. Be2 a4 12. g5 Nfd7 13. h4 Qb6 14. Qb1 f5 15.
f3 f4 16. Bf2 Qa5 17. Kf1 Rf7 18. Kg2 Qd8 19. b4 axb3 20. axb3 Rxa1 21. Qxa1 Na6 22. dxc6 Ndc5 23. cxb7 Rxb7 24.
Nd5 Nb4 25. Qc3 Na2 26. Qb2 Nb4 27. Nxb4 Rxb4 28. Qa3 Rb8 29. b4 Ne6 30. Nb3 h6 31. gxh6 Bxh6 32. c5 dxc5 33. bxc5 Bf8 34.
Bc4 Kh7 35. Bd5 Nc7 36. Bc4 Ne6 37. Qa1 Bg7 38. c6 Nd4 39. Nxd4 exd4 40. Qa3 g5 41. Qa7 1-0

[Event "Deloitte NK 2021"]
[Site "Hoogeveen, Netherlands"]
[Date "2021.10.15"]
[Round "1.8"]
[White "Pijpers, Arthur"]
[Black "Hendriks, Willy"]
[Result "1/2-1/2"]
[TimeControl "90min/40moves + 30min + 30sec/move"]
[WhiteElo "2474"]
[BlackElo "2439"]

1. e4 c5 2. Nf3 e6 3. d4 cxd4 4. Nxd4 a6 5. Nc3 Qc7 6. Bd3 Nf6 7. Qe2 d6 8. f4 Nbd7 9. g4 Nc5 10.
g5 Nfd7 11. h4 b5 12. a3 Bb7 13. Bd2 Be7 14. O-O-O Nxd3+ 15. cxd3 d5 16. e5 b4 17. axb4 Bxb4 18. h5 Nc5 19.
Kb1 Qb6 20. g6 Bxc3 21. Bxc3 Na4 22. Qc2 Nxc3+ 23. Qxc3 O-O 24. h6 fxg6 25. hxg7 Rxf4 26. Nc2 d4 27. Qd2 Rf7 28. Rh4 Bd5 29.
Nb4 Bb3 30. Rxh7 Rxg7 31. Rxg7+ Kxg7 32. Rg1 Qb7 33. Qg5 Qf7 34. Nc6 Rh8 35. Ne7 Rh6 36. Qf6+ Qxf6 37. exf6+ Kf7 38. Nc6 Kxf6 39. Rf1+ Kg7 40. Nxd4 Bd5 41.
Kc2 g5 42. Kc3 g4 43. Ne2 Bf3 44. Nd4 Bd5 45. Ne2 Kg6 46. Ra1 Bb7 47. Ra5 Rh2 48. Nf4+ Kf6 49. Nh5+ Ke7 50. Rg5 Bf3 51. d4 Rh1 52. Rg7+ Kd6 53. Nf4 Rc1+ 54. Kd2 Rd1+ 55.
Kc3 Rc1+ 56. Kd2 Rc6 57. Nd3 Rb6 58. Ne5 Kd5 59. Kd3 Rb3+ 60. Kc2 Rb4 61. Kc3 a5 62. b3 Bd1 63. Rg5 Rxb3+ 64. Kd2 Rb1 65. Nxg4+ Kxd4 66.
Rxa5 Bxg4 67. Ra4+ Ke5 68. Rxg4 Rb2+ 69. Ke3 Rb3+ 70. Ke2 Kf5 71. Ra4 e5 72. Rc4 Rb2+ 73. Ke3 Rb3+ 74. Ke2 Rh3 75.
Ra4 1/2-1/2